 Dungeon Sprint DCSS version 0.31-a0-18-gea43df2a32 (webtiles) character file.

Game seed: 18231859934868458661

12714 sircluck the Brawler (level 11, -6/123 HPs)
             Began as a Troll Berserker on May 9, 2023.
             Was the Champion of Trog.
             Mangled by a 13-headed hydra (10 damage)
             ... while paralysed by a floating eye
             ... in the Dungeon (Sprint I: "Red Sonja").
             The game lasted 00:06:52 (1248 turns).

sircluck the Brawler (Troll Berserker)              Turns: 1248, Time: 00:06:53

Health: -6/123     AC: 17    Str: 41    XL:     11   Next: 66%
Magic:  10/10      EV:  1    Int:  2    God:    Trog [******]
Gold:   281        SH:  0    Dex:  8    Spells: 10/10 levels left

rFire   x .          .
                       - Unarmed
rCold   + + .        (no shield)
rNeg    . . .        q - +2 ice dragon scales
rPois   .            (helmet restricted)
rElec   .            j - +2 cloak
rCorr   .            (gloves unavailable)
SInv    .            (boots unavailable)
Will    .....        o - amulet of regeneration Stlth
                     p - +6 ring of strength
HPRegen 2.00/turn    (no ring)
MPRegen 0.12/turn

%: no teleportation
@: paralysed
A: large, unfitting armour, claws 3, regeneration 1, shaggy fur 1, tough skin 1,
strong 1
a: Renounce Religion, Berserk, Trog's Hand, Brothers in Arms


You were in the Dungeon.
You worshipped Trog.
Trog was exalted by your worship.
You visited 1 branch You collected 1947 gold pieces.
You spent 1666 gold pieces at shops.

Inventory:

Missiles
 k - 4 poisoned darts (quivered)
Armour
 a - a +0 animal skin
 j - a +2 cloak (worn)
 q - +2 ice dragon scales (worn)
Jewellery
 c - an amulet of guardian spirit
 o - an amulet of regeneration (around neck)
 p - a +6 ring of strength (left claw)
Wands
 h - a wand of quicksilver (10)
Scrolls
 g - a scroll of fog {unknown}
 i - a scroll of fear {unknown}
Potions
 b - 5 potions of curing
 d - a potion of haste
 e - 2 potions of magic
 f - a potion of berserk rage
 m - a potion of brilliance {unknown}
Miscellaneous
 l - a box of beasts


   Skills:
 + Level 12.0 Fighting
 + Level 4.1 Armour
 + Level 12.7 Dodging
 + Level 1.0 Stealth
 + Level 20.8 Unarmed Combat
 + Level 1.7 Evocations


You had 10 spell levels left.
You didn't know any spells.
Your spell library was empty.

Dungeon Overview and Level Annotations

Branches:
Dungeon (1/1)

Altars:
Cheibriados
Dithmenos
Elyvilon
Fedhas
Gozag
Hepliaklqana
Kikubaaqudgha
Makhleb
Nemelex Xobeh
Okawaru
Qazlal
Ru
Sif Muna
Trog
Uskayaw
Vehumet
Wu Jian
Xom
Yredelemnul
Zin
The Shining One
Jiyva
Lugonu

Shops:
D ?:*(!((*=:!=:*?:(?![(


Innate Abilities, Weirdness & Mutations

You are too large for most types of armour.
You have claws for hands.
Your natural rate of healing is unusually fast.
You are covered in fur. (AC +1)
You have tough skin. (AC +1)
Your muscles are strong. (Str +4, Int/Dex -1)


Message History

The 12-headed hydra bites you but does no damage.
The 12-headed hydra closely misses you.
The 12-headed hydra bites you but does no damage.
The 12-headed hydra bites you!
The 12-headed hydra bites you but does no damage.
The 12-headed hydra bites you! The 12-headed hydra bites you.
The 12-headed hydra barely misses you. The 12-headed hydra bites you.
The 12-headed hydra bites you but does no damage.
You claw one of the 12-headed hydra's heads off!
The 11-headed hydra grows two more!
You eviscerate the 13-headed hydra!!!
The 13-headed hydra is severely wounded.
The floating eye gazes piercingly through you!
You suddenly lose the ability to move!
The 13-headed hydra bites you.
The 13-headed hydra bites you but does no damage.
The 13-headed hydra bites you.
The 13-headed hydra bites you but does no damage. x2
The 13-headed hydra bites you.
The 13-headed hydra bites you but does no damage.
The 13-headed hydra bites you.
The 13-headed hydra bites you but does no damage. x4
The 13-headed hydra bites you. The 13-headed hydra bites you!
The 13-headed hydra bites you.
The 13-headed hydra bites you but does no damage. x2
The 13-headed hydra bites you! The 13-headed hydra bites you.
The 13-headed hydra bites you but does no damage. x2
The 13-headed hydra bites you. The 13-headed hydra bites you! x2
* * * LOW HITPOINT WARNING * * *
The 13-headed hydra bites you but does no damage.
The 13-headed hydra bites you.
* * * LOW HITPOINT WARNING * * *
The floating eye's view fixates on you.
The 13-headed hydra bites you but does no damage.
The 13-headed hydra bites you!
* * * LOW HITPOINT WARNING * * *
The 13-headed hydra bites you!
* * * LOW HITPOINT WARNING * * *
The 13-headed hydra bites you!
* * * LOW HITPOINT WARNING * * *
The 13-headed hydra bites you!
You die...

#####################************
..#.§#.§§)†.§§§§@DG$#,,+,,,,*,,,,
..##'#§####.§§§§##$.+,,*,,,,**,,,
.)†..#§#,*##§.§##**##*+*,,,,,****
###..+§#+*,###+#,,,**,,*,,,,,*,,,
.##+####,,,*,#.#*,,,*,,**,,,,*,∩,
.#.)...#,,,**#..***,*,,~***+**,,,
.#○○..○+,,,,,##.*,*,*,,~,,*,****+
'###○..#,,,,,*,.#**,*,,~,**+*,,,,
.§.#°○.#**++**,##,,,*,,~**,,,,,,,


You could see a 13-headed hydra and a floating eye (charged).

Vanquished Creatures
  2 centaur warriors (D)
  Sonja (D)
  A deep troll (D)
  A lindwurm (D)
  An oklob plant (D)
  A shining eye (D)
  A gargoyle (D)
  4 demonic crawlers (D)
  2 unseen horrors (D)
  2 kobold demonologists (D)
  A hornet (D)
  A slime creature (D)
  Sigmund (D)
  A yak (D)
  13 hogs (D)
  2 redbacks (D)
  3 floating eyes (D)
  An ogre (D)
  7 necrophages (D)
  8 jellies (D)
  Ijyb (D)
55 creatures vanquished.

Vanquished Creatures (collateral kills)
  7 shining eyes (D)
  3 floating eyes (D)
10 creatures vanquished.

Vanquished Creatures (others)
  2 ballistomycete spores (D)
2 creatures vanquished.

Grand Total: 67 creatures vanquished

Notes
Turn   | Place    | Note
-------+----------+-------------------------------------------
     0 | D        | sircluck the Troll Berserker began the quest for the Orb.
     0 | D        | Reached XP level 1. HP: 22/22 MP: 0/0
     1 | D        | Noticed Ijyb
    10 | D        | Killed Ijyb
    11 | D        | Reached skill level 4 in Unarmed Combat
    11 | D        | Reached XP level 2. HP: 26/32 MP: 1/1
    20 | D        | Noticed an ogre
    31 | D        | Killed an ogre
    32 | D        | Reached skill level 6 in Unarmed Combat
    32 | D        | Reached XP level 3. HP: 17/41 MP: 2/2
    32 | D        | Reached XP level 4. HP: 20/49 MP: 3/3
    69 | D        | Noticed Sigmund
    75 | D        | Killed Sigmund
    75 | D        | Reached ** piety under Trog
    76 | D        | Reached skill level 8 in Unarmed Combat
    76 | D        | Reached XP level 5. HP: 48/59 MP: 4/4
    76 | D        | Reached XP level 6. HP: 55/67 MP: 5/5
    99 | D        | Found an ornate altar of the Wu Jian Council.
    99 | D        | Found a shimmering blue altar of Sif Muna.
   101 | D        | Found a radiant altar of Vehumet.
   120 | D        | Noticed a centaur warrior
   126 | D        | Found a burning altar of Makhleb.
   126 | D        | Found a viscous altar of Jiyva.
   126 | D        | Found a shimmering altar of Xom.
   126 | D        | Found a corrupted altar of Lugonu.
   126 | D        | Noticed a slime creature
   132 | D        | Killed a slime creature
   133 | D        | Reached skill level 9 in Unarmed Combat
   146 | D        | Noticed a kobold demonologist
   146 | D        | Noticed a floating eye
   146 | D        | Noticed a kobold demonologist
   148 | D        | Killed a floating eye
   148 | D        | Reached *** piety under Trog
   149 | D        | Reached skill level 10 in Unarmed Combat
   149 | D        | Reached XP level 7. HP: 76/78 MP: 6/6
   151 | D        | Noticed an ice devil
   154 | D        | Noticed a chaos spawn
   157 | D        | Killed a kobold demonologist
   158 | D        | Reached skill level 11 in Unarmed Combat
   161 | D        | Killed a kobold demonologist
   161 | D        | Reached **** piety under Trog
   162 | D        | Reached skill level 12 in Unarmed Combat
   162 | D        | Reached XP level 8. HP: 85/89 MP: 7/7
   191 | D        | Found Pugaosuo's Weapon Emporium.
   191 | D        | Found an ancient bone altar of Kikubaaqudgha.
   191 | D        | Found a hazy altar of Hepliaklqana.
   191 | D        | Found a stormy altar of Qazlal.
   191 | D        | Found a hide-covered altar of Uskayaw.
   191 | D        | Found a blossoming altar of Fedhas.
   191 | D        | Found a bloodstained altar of Trog.
   191 | D        | Found an iron altar of Okawaru.
   191 | D        | Found a basalt altar of Yredelemnul.
   191 | D        | Found a glowing golden altar of the Shining One.
   191 | D        | Found a snail-covered altar of Cheibriados.
   191 | D        | Found a sacrificial altar of Ru.
   191 | D        | Found a glowing silver altar of Zin.
   191 | D        | Found a shadowy altar of Dithmenos.
   191 | D        | Found a white marble altar of Elyvilon.
   198 | D        | Found an opulent altar of Gozag.
   199 | D        | Found a sparkling altar of Nemelex Xobeh.
   213 | D        | Noticed a centaur warrior
   229 | D        | Noticed Sonja
   233 | D        | Killed Sonja
   234 | D        | Reached skill level 13 in Unarmed Combat
   333 | D        | Killed a centaur warrior
   334 | D        | Reached skill level 14 in Unarmed Combat
   334 | D        | Reached XP level 9. HP: 32/100 MP: 8/8
   339 | D        | Killed a centaur warrior
   340 | D        | Reached skill level 10 in Dodging
   340 | D        | Reached skill level 15 in Unarmed Combat
   425 | D        | Reached ***** piety under Trog
   426 | D        | Reached skill level 10 in Fighting
   462 | D        | Noticed an oklob plant
   466 | D        | Killed an oklob plant
   527 | D        | Noticed a deep troll
   537 | D        | Killed a deep troll
   538 | D        | Reached skill level 16 in Unarmed Combat
   538 | D        | Reached XP level 10. HP: 14/111 MP: 9/9
   615 | D        | Found Pafoskyo's Magic Scroll Boutique.
   624 | D        | Noticed a shining eye
   624 | D        | Noticed a shining eye
   624 | D        | Noticed a shining eye
   624 | D        | Gained mutation: Your muscles are strong. (Str +4, Int/Dex
                  | -1) [a shining eye]
   625 | D        | Paralysed by a floating eye for 3 turns
   629 | D        | Killed a shining eye
   630 | D        | Reached skill level 1 in Evocations
   631 | D        | Killed a shining eye
   632 | D        | Reached skill level 17 in Unarmed Combat
   633 | D        | Killed a shining eye
   633 | D        | Noticed a shining eye
   634 | D        | Killed a shining eye
   635 | D        | Noticed a shining eye
   635 | D        | Killed a shining eye
   636 | D        | Noticed a shining eye
   638 | D        | Noticed a shining eye
   638 | D        | Noticed a shining eye
   639 | D        | Killed a shining eye
   639 | D        | Received a gift from Trog
   640 | D        | Reached skill level 18 in Unarmed Combat
   644 | D        | Killed a shining eye
   646 | D        | Killed a shining eye
   651 | D        | Found Oruf's Book Shoppe.
   651 | D        | Found Hecab's Distillery.
   651 | D        | Found Weap's General Store.
   651 | D        | Found Muxaukha's Antique Weapon Boutique.
   690 | D        | Found Rufek's Armour Emporium.
   722 | D        | Reached XP level 11. HP: 58/120 MP: 10/10
   825 | D        | Paralysed by a floating eye for 2 turns
   844 | D        | Reached ****** piety under Trog
   847 | D        | Received a gift from Trog
   855 | D        | Reached skill level 19 in Unarmed Combat
   864 | D        | Received a gift from Trog
   890 | D        | Identified the +9 short sword of Jeet {pain, Dex+2}
   901 | D        | Found Ytay's General Store.
   901 | D        | Found Lyir Bek's Antique Weapon Shop.
   901 | D        | Found Punol's Jewellery Boutique.
   903 | D        | Found Saeheaf's Book Emporium.
   903 | D        | Found Xosoz's Distillery.
   903 | D        | Found Jitir's Jewellery Shoppe.
   903 | D        | Found Fisod's Book Boutique.
   903 | D        | Found Ojuate's General Store.
   903 | D        | Found Acian's Magic Scroll Shop.
   903 | D        | Found Leupapou's Book Shoppe.
   904 | D        | Bought a scroll of magic mapping for 82 gold pieces
   905 | D        | Bought an amulet of regeneration for 360 gold pieces
   905 | D        | Found Uras's Weapon Boutique.
   906 | D        | Found Qyeptiof's Distillery.
   906 | D        | Found Vofaff's Magic Scroll Boutique.
   907 | D        | Found Qeibaraq's Antique Weapon Emporium.
   910 | D        | Bought a +6 ring of strength for 504 gold pieces
   935 | D        | Bought +2 ice dragon scales for 720 gold pieces
  1008 | D        | Received a gift from Trog
  1024 | D        | Reached skill level 1 in Armour
  1081 | D        | Reached skill level 20 in Unarmed Combat
  1180 | D        | Noticed a lindwurm
  1184 | D        | Killed a lindwurm
  1205 | D        | Received a gift from Trog
  1216 | D        | Reached skill level 1 in Stealth
  1221 | D        | Received a gift from Trog
  1244 | D        | Noticed a 12-headed hydra
  1246 | D        | Paralysed by a floating eye for 3 turns
  1248 | D        | HP: 4/123 [13-headed hydra (8)]
  1248 | D        | Mangled by a 13-headed hydra

Illustrated notes

Levels and vault maps discovered:
D:        dungeon_sprint_1 [red_sonja_temple_1, red_sonja_temple_small_1]

Skill      XL: |  1  2  3  4  5  6  7  8  9 10 11 |
---------------+----------------------------------+-----
Fighting       | 3 4 6 7 8 9 10 11 12 | 12.0
Dodging        | 3 4 6 7 8 9 10 12 | 12.7
Unarmed Combat | 4 6 8 10 12 14 16 18 20 | 20.8
Evocations     | 1 |  1.7
Armour         | 4 |  4.1
Stealth        | 1 |  1.0

Action                     |  1- 3 |  4- 6 |  7- 9 | 10-12 || total
---------------------------+-------+-------+-------+-------++-------
  Melee: Unarmed           |    18 |    12 |    48 |    96 ||   174
         Punch             |       |       |     4 |    12 ||    16
 Invoke: Berserk           |       |       |     2 |     1 ||     3
         Brothers in Arms  |       |       |       |     1 ||     1
  Evoke: Wand              |       |     1 |     1 |     2 ||     4
    Use: Potion            |       |       |     1 |     1 ||     2
         Scroll            |       |       |       |     2 ||     2
 Armour: Animal skin       |     1 |     2 |    19 |    13 ||    35
         Ice dragon scales |       |       |       |    46 ||    46
  Dodge: Dodged            |     4 |     3 |    27 |    52 ||    86

Table legend: (Time is in decaauts)
 A = Elapsed time spent in this place.
 B = Non-inter-level travel time spent in this place.
 C = Inter-level travel time spent in this place.
 D = Time resting spent in this place.
 E = Time spent auto-exploring this place.
 F = Levels seen in this place.
 G = Mean time per level.
                   A        B        C        D        E       F      G
               +--------+--------+--------+--------+--------+-----+--------+
         Total |   1228 |   1136 |     92 |    134 |    362 |   1 | 1228.0 |
       Dungeon |   1228 |   1136 |     92 |    134 |    362 |   1 | 1228.0 |
               +--------+--------+--------+--------+--------+-----+--------+

Top non-repeatable levels by time:
       D: 1228 daAuts
